AoeStats
← dunklsu

Arabia

503325529Analyzed
2v2 RM · 1mo ago on Aug 31, 2026· 37m 55s· 4 players
Game mode
Random Map
Map size
Medium (4 player)
Population
200
Speed
Normal
Resources
Standard
Victory
Conquest
Starting age
Dark Age
Ending age
Imperial Age
RankedLock teamsTeams togetherTeam positionsShared explorationLock speedFull tech treeHidden civsTurbo modeCheats
Victory
Defeat
🇦🇷 Burgundians · Argentina
856
+15
🇺🇸 Teutons · United States
849
+15
🇺🇸 Magyars · United States
916
-19
🇺🇸 Franks · United States
743
-11
dunklsu
7:55 Loom
10:16 Feudal Age
11:40 Double-Bit Axe
16:57 Horse Collar
17:10 Gold Mining
19:46 Bloodlines
23:38 Castle Age
23:49 Scale Barding Armor
24:33 Bow Saw
24:53 Chain Barding Armor
25:03 Husbandry
27:19 Pikeman
33:47 Scale Mail Armor
36:40 Light Cavalry
PillowPants043
10:51 Feudal Age
12:47 Double-Bit Axe
14:49 Wheelbarrow
21:04 Castle Age
19:26 Loom
Business Goose
12:05 Feudal Age
12:25 Horse Collar
19:06 Castle Age
17:46 Stone Mining
17:56 Gold Mining
17:52 Double-Bit Axe
18:22 Arson
18:53 Forging
19:47 Fletching
28:18 Scale Mail Armor
31:53 Squires
36:38 Chain Mail Armor
valenco
5:27 Loom
6:14 Double-Bit Axe
12:30 Feudal Age
12:21 Horse Collar
15:06 Heavy Plow
20:54 Castle Age
19:16 Bow Saw
20:34 Forging
21:50 Cavalier
22:40 Husbandry
26:15 Scale Barding Armor
30:43 Pikeman
39:55 Imperial Age
Connection lost

Rejoining the realm…

Still unreachable

The connection could not be restored.

Session expired

The server has moved on; the page needs a fresh start.